 Dungeon Sprint DCSS version 0.14-a0-1876-g927fc3a (webtiles) character file.

818 Mitsuki the Jinx (level 6, -28/28 HPs)
             Began as a Spriggan Enchanter on Jan 15, 2014.
             Killed by an exploding giant spore (34 damage)
             ... in the Dungeon (Sprint I: "Red Sonja").
             The game lasted 00:04:30 (360 turns).

Mitsuki the Jinx (Spriggan Enchanter)                Turns: 360, Time: 00:04:31

HP -28/28        AC  3     Str  6      XL: 6   Next: 59%
MP  17/17        EV 18     Int 17      God:
Gold 405         SH  0     Dex 16      Spells:  2 memorised,  7 levels left

rFire  . . .     SeeInvis +     a - +1,+0 dagger
rCold  . . .     Clarity  .     b - +1 robe
rNeg   . . .     Conserve .     (shield restricted)
rPois  .         rCorr    .     (helmet restricted)
rElec  .         rRot     .     (no cloak)
SustAb . .       Spirit   .     (gloves unavailable)
rMut   .         Warding  .     (boots unavailable)
Saprov . . .     NoTele   +     (no amulet)
MR     +....                    (no ring)
                                (no ring)

@: confused, very quick, somewhat resistant to hostile enchantments, fairly
stealthy
A: unfitting armour, see invisible, herbivore 3, speed 3, slow metabolism 2
a: no special abilities


You were in the Dungeon.
You were not hungry.

You visited 1 branch You collected 405 gold pieces.

Inventory:

Hand weapons
 a - a +1,+0 dagger (weapon)
Missiles
 d - 12 darts (quivered)
Armour
 b - a +1 robe (worn)
Comestibles
 g - an apple
Scrolls
 k - a scroll of blinking
Potions
 e - a potion of porridge
 f - a potion of curing
 i - 2 potions of magic
Books
 c - a book of Maledictions

   Spells                             Type                      Level
   *Corona                            Hexes                        1
   Sure Blade                         Hexes/Charms                 2
   *Ensorcelled Hibernation           Hexes/Ice                    2
   Confuse                            Hexes                        3
   Enslavement                        Hexes                        4
   Invisibility                       Hexes                        6


   Skills:
 + Level 3.5 Short Blades
 - Level 1.1 Throwing
 - Level 3.0 Dodging
 + Level 11.1 Stealth
 - Level 2.6 Spellcasting
 + Level 13.9 Hexes
 - Level 1.0 Ice Magic


You had 7 spell levels left.
You knew the following spells:

 Your Spells              Type           Power        Failure   Level  Hunger
a - Corona                Hex            #####..      1%          1    #......
b - Ensorcelled Hibernat  Hex/Ice        ####..       1%          2    ##.....


Dungeon Overview and Level Annotations

Branches:
Dungeon (1/1)

Altars:
Cheibriados
Elyvilon
Makhleb
Yredelemnul

Shops:
D *


Innate Abilities, Weirdness & Mutations

You are tiny and cannot use many weapons and most armour.
You have supernaturally acute eyesight.
You are a herbivore.
You cover ground extremely quickly.
You need consume almost no food.


Message History

Found 108 gold pieces.
Found a runed door.
You close the door.
You open the door. 2 giant spores come into view.
Found five items.
Found 54 gold pieces.
There is an open door here.
The helpless giant spore fails to defend itself.
You open the giant spore like a pillowcase!!!
The giant spore explodes!
The explosion of spores engulfs you!
You are confused.
Ouch! That really hurt!
* * * LOW HITPOINT WARNING * * *
The explosion of spores engulfs the giant spore.
The giant spore explodes!
The explosion of spores engulfs you!
You are more confused.
Ouch! That really hurt!
You die...

#..# ##'#..+
#⌠⌠#_.∩..j+..._#
####.....##_.#'#
_._. ##'#.#
#########.####+###
.......+...+$$T$$+
++++####.).# ##.##
#@# #$!$!$#
#$[!%$# #######


There were no monsters in sight!

Vanquished Creatures
  Sonja (D)
  An ogre (D)
  Sigmund (D)
  A jelly (D)
  Ijyb (D)
5 creatures vanquished.

Notes
Turn   | Place    | Note
--------------------------------------------------------------
     0 | D        | Mitsuki, the Spriggan Enchanter, began the quest for the Orb.
     0 | D        | Reached XP level 1. HP: 9/9 MP: 4/4
     2 | D        | Noticed Ijyb
    46 | D        | Killed Ijyb
    46 | D        | Reached skill level 4 in Stealth
    46 | D        | Reached skill level 6 in Hexes
    46 | D        | Reached XP level 2. HP: 8/13 MP: 7/7
   202 | D        | Learned a level 2 spell: Ensorcelled Hibernation
   205 | D        | Noticed an ogre
   210 | D        | Killed an ogre
   210 | D        | Reached skill level 10 in Hexes
   210 | D        | Reached skill level 1 in Ice Magic
   210 | D        | Reached XP level 3. HP: 16/16 MP: 3/9
   210 | D        | Reached XP level 4. HP: 21/21 MP: 4/12
   279 | D        | Noticed Sigmund
   282 | D        | Killed Sigmund
   282 | D        | Reached skill level 11 in Hexes
   282 | D        | Reached XP level 5. HP: 24/24 MP: 14/14
   294 | D        | Found a white marble altar of Elyvilon.
   295 | D        | Noticed a jelly
   296 | D        | Found a basalt altar of Yredelemnul.
   300 | D        | Killed a jelly
   300 | D        | Reached skill level 12 in Hexes
   327 | D        | Found Eruatint's General Store.
   327 | D        | Found a burning altar of Makhleb.
   327 | D        | Found a snail-covered altar of Cheibriados.
   327 | D        | Found a basalt altar of Yredelemnul.
   327 | D        | Noticed an elephant slug
   331 | D        | Noticed Sonja
   336 | D        | Killed Sonja
   336 | D        | Reached skill level 13 in Hexes
   336 | D        | Reached XP level 6. HP: 28/28 MP: 17/17
   355 | D        | Noticed a deep troll
   360 | D        | Killed by an exploding giant spore

Action                   |  1- 3 |  4- 6 || total
-------------------------+-------+-------++-------
Melee: Dagger            |    40 |     4 ||    44
 Cast: Corona            |     2 |       ||     2
       Ensorcelled Hiber |     2 |       ||     2
  Use: Potion            |     3 |       ||     3
 Stab: Sleeping          |     2 |     4 ||     6
